 Dungeon Crawl Stone Soup version 0.28.0-45-g0d030f2227 (webtiles) character file.

Game seed: 11176403273716013997

114 McKennaii the Conjurer (level 4, -6/30 HPs)
             Began as a Demonspawn Conjurer on Apr 16, 2022.
             Mangled by a mummy (9 damage)
             ... in an ossuary.
             The game lasted 00:03:58 (3984 turns).

McKennaii the Conjurer (Demonspawn Conjurer)        Turns: 3984, Time: 00:03:58

Health: -6/30      AC:  3    Str:  7    XL:     4   Next: 67%
Magic:  3/9        EV: 12    Int: 21    God:
Gold:   154        SH:  0    Dex: 12    Spells: 3/10 levels left

rFire   . . .      SeeInvis .   (no weapon)
rCold   . . .      Faith    .   (no shield)
rNeg    . . .      Spirit   .   a - +0 robe
rPois   .          Reflect  .   (no helmet)
rElec   .          Harm     .   (no cloak)
rCorr   .          Rampage  .   (no gloves)
Will    .....                   n - +0 pair of boots
Stlth   ++........              k - amulet of the acrobat
HPRegen 0.10/turn               (no ring)
MPRegen 0.11/turn               (no ring)

@: attractive
A: demonic magic 1
a: no special abilities


You were in an ossuary.
You visited 1 branch of the dungeon, and saw 4 of its levels.
You also visited: Ossuary.

You collected 154 gold pieces.

Inventory:

Armour
 a - a +0 robe (worn)
 n - a +0 pair of boots (worn)
Jewellery
 k - an amulet of the acrobat (around neck)
Scrolls
 b - a scroll of noise {unknown}
 d - 2 scrolls of magic mapping {unknown}
 e - a scroll of acquirement {unknown}
 f - a scroll of vulnerability {unknown}
 h - 6 scrolls of identify {unknown}
 i - a scroll of summoning {unknown}
 j - a scroll of enchant armour {unknown}
 l - a scroll of enchant weapon {unknown}
Potions
 c - a potion of attraction
 g - a potion of magic {unknown}
 m - 2 potions of might {unknown}
 o - a potion of brilliance {unknown}


   Skills:
 - Level 1.7 Dodging
 - Level 1.7 Stealth
 + Level 3.5 Spellcasting
 + Level 5.1 Conjurations


You had 3 spell levels left.
You knew the following spells:

 Your Spells              Type           Power      Damage    Failure   Level
a - Magic Dart            Conj           100%       1d8       1%          1
b - Searing Ray           Conj           50%        2d6       2%          2
c - Iskenderun's Mystic   Conj/Tloc      14%        2d5       41%         4

Your spell library contained the following spells:

 Spells                   Type           Power      Damage    Failure   Level
 Dazzling Flash           Conj/Hex       28%        N/A       13%         3
 Call Imp                 Summ           3%         N/A       19%         2
 Mephitic Cloud           Conj/Pois/Air  10%        N/A       19%         3
 Fulminant Prism          Conj/Hex       7%         3d7       41%         4


Dungeon Overview and Level Annotations

Branches:
Dungeon (4/15)            Ossuary (1/1)
 Temple: D:4-7

Altars:


Innate Abilities, Weirdness & Mutations

Spells you cast may paralyse adjacent enemies.


Message History

The mummy completely misses you. The mummy hits you!
A mummy comes into view.
The hobgoblin zombie misses you. The mummy misses you.
The hobgoblin zombie hits you. The gnoll zombie completely misses you.
You hit the mummy.
The mummy is lightly damaged.
The hobgoblin zombie misses you. The gnoll zombie barely misses you.
The gnoll zombie barely misses you. The hobgoblin zombie misses you.
The mummy completely misses you.
Casting: Searing Ray (safe; 2% risk of failure)
Confirm with . or Enter, or press ? or * to list all spells.
Aiming: Searing Ray (safe; 2% risk of failure)
Press: ? - help, Shift-Dir - straight line, f - mummy
Aim: a mummy (90% to hit)
Okay, then.
Casting: Searing Ray (safe; 2% risk of failure)
Confirm with . or Enter, or press ? or * to list all spells.
Aiming: Searing Ray (safe; 2% risk of failure)
Press: ? - help, Shift-Dir - straight line, f - mummy
Aim: a mummy (90% to hit)
The searing ray hits the mummy!
The mummy is heavily damaged.
The searing ray hits the gnoll zombie!
The gnoll zombie is severely damaged.
The searing ray hits the mummy.
The mummy is moderately damaged. (Press . to maintain the ray.) Malevolent energies surge around you.
The hobgoblin zombie suddenly stops moving! x2
The mummy hits you!
Ouch! That really hurt!
* * * LOW HITPOINT WARNING * * *
Unknown command.
Unknown command.
It was a potion of attraction.
You feel attractive to monsters. The mummy hits you!
You die...

##########
##.........
##..M...####
#M.Z...##..## ..
#MZM..##....##...
#@MZM............
##ZM.............
##.............
#+##........#
##......##
##....## #....#
#....# #....#


You could see 7 mummies, 2 hobgoblin zombies, a gnoll zombie and an orc zombie.

Vanquished Creatures
  4 adders
  2 dart slugs
  An orc (D:3)
  3 bats
  5 giant cockroaches
  A gnoll zombie (Ossuary)
  8 goblins
  7 hobgoblins
  7 quokkas
  8 ball pythons
  5 frilled lizards
  8 kobolds
  A kobold zombie (Ossuary)
  An orc zombie (Ossuary)
  11 rats
72 creatures vanquished.

Notes
Turn   | Place    | Note
-------+----------+-------------------------------------------
     0 | D:1      | McKennaii the Demonspawn Conjurer began the quest for the
                  | Orb.
     0 | D:1      | Reached XP level 1. HP: 13/13 MP: 3/3
   396 | D:1      | Gained mutation: Spells you cast may paralyse adjacent
                  | enemies. [demonic ancestry]
   396 | D:1      | Reached XP level 2. HP: 19/19 MP: 3/5
  1344 | D:1      | Reached XP level 3. HP: 24/24 MP: 5/7
  2876 | D:3      | Reached XP level 4. HP: 30/30 MP: 3/8
  2998 | D:3      | Reached skill level 5 in Conjurations
  3347 | D:3      | Found a faded altar of an unknown god.
  3846 | D:4      | Noticed a scorpion
  3881 | D:3      | Learned a level 2 spell: Searing Ray
  3886 | D:3      | Learned a level 4 spell: Iskenderun's Mystic Blast
  3931 | D:4      | Found a sand-covered staircase.
  3939 | Ossuary  | Entered an ossuary
  3984 | Ossuary  | Mangled by a mummy

Illustrated notes

Levels and vault maps discovered:
D:1:      dpeg_arrival_ratfight, layout_loops_ring, minmay_tetromino_o4
D:2:      layout_loops_ring
D:3:      layout_basic, ebering_ecumenical_altar_hall
D:4:      layout_basic, enter_ossuary_3, kennysheep_flooded_box,
          roderic_batcave, uniq_eustachio
Ossuary:  ossuary_tomb_3

Skill      XL: |  1  2  3  4 |
---------------+-------------+-----
Spellcasting   | 3 |  3.5
Conjurations   | 5 |  5.1
Dodging        | |  1.7
Stealth        | |  1.7

Action                   |  1- 3 |  4- 6 || total
-------------------------+-------+-------++-------
Melee: Unarmed           |    29 |     1 ||    30
       Punch             |     2 |       ||     2
 Cast: Magic Dart        |   106 |    37 ||   143
       Searing Ray       |       |     2 ||     2
  Use: Potion            |       |     1 ||     1
Armor: Robe              |     9 |     2 ||    11
Dodge: Dodged            |    31 |    14 ||    45
